AoeStats
← Dinoponerg

Arabian Desert

510118728Analyzed
1v1 RM · 2d ago on Sep 29, 2026· 54m 19s· 2 players
Game mode
Random Map
Map size
Tiny (2 player)
Population
200
Speed
Normal
Resources
Standard
Victory
Conquest
Starting age
Dark Age
Ending age
Imperial Age
RankedLock teamsTeams togetherTeam positionsShared explorationLock speedFull tech treeHidden civsTurbo modeCheats
Victory
Defeat
🇦🇷 Burgundians · Argentina
578
+15
🇺🇸 Bulgarians · United States
566
-15
Irish_Handcuff
1:40 Loom
11:32 Feudal Age
12:46 Double-Bit Axe
22:02 Gold Mining
26:42 Castle Age
27:15 Fletching
26:58 Pikeman
29:10 Thumb Ring
28:26 Elite Skirmisher
30:40 Squires
35:00 Bow Saw
39:06 Stirrups
48:58 Imperial Age
47:08 Wheelbarrow
50:14 Conscription
53:17 Light Cavalry
Dinoponerg
7:02 Loom
11:14 Feudal Age
23:33 Castle Age
21:29 Horse Collar
21:39 Double-Bit Axe
23:47 Heavy Plow
24:00 Bow Saw
23:45 Gold Mining
24:17 Cavalier
25:53 Scale Barding Armor
26:08 Husbandry
28:04 Chain Barding Armor
38:44 Imperial Age
40:27 Chemistry
47:01 Light Cavalry
51:04 Hussar
Connection lost

Rejoining the realm…

Still unreachable

The connection could not be restored.

Session expired

The server has moved on; the page needs a fresh start.